 Dungeon Crawl Stone Soup version 0.31-a0-229-g1fc7ce93e2 (webtiles) character file.

Game seed: 8466745525824948294

132 qw the Shooter (level 4, -3/37 HPs)
             Began as a Minotaur Hexslinger on July 6, 2023.
             Was an Initiate of Okawaru.
             Slain by Duvessa
             ... wielding a +0 short sword
              (6 damage)
             ... on level 4 of the Dungeon.
             The game lasted 00:01:01 (2608 turns).

qw the Shooter (Minotaur Hexslinger)                Turns: 2608, Time: 00:01:01

Health: -3/37      AC:  6    Str: 12    XL:     4   Next: 92%
Magic:  4/4        EV: 11    Int: 10    God:    Okawaru [......]
Gold:   125        SH:  0    Dex: 15    Spells: 4/5 levels left

rFire   . . .        Y - +1 sling
rCold   . . .        (no shield)
rNeg    + . .        a - +1 ring mail of the True Pharaoh {Fly rPois}
rPois   +            (helmet restricted)
rElec   .            (no cloak)
rCorr   .            (no gloves)
SInv    .            (no boots)
Will    .....        (no amulet)
Stlth   +            d - ring of positive energy
HPRegen 0.26/turn    (no ring)
MPRegen 0.09/turn

%: no passive effects
@: lit by a corona, flying, glowing
A: horns 2, retaliatory headbutt
a: Renounce Religion


You were on level 4 of the Dungeon.
You worshipped Okawaru.
Okawaru was noncommittal.
You visited 1 branch of the dungeon, and saw 4 of its levels.

You collected 125 gold pieces.


Innate Abilities, Weirdness & Mutations

You have a pair of horns on your head.
You reflexively headbutt those who attack you in melee.


   Skills:
 + Level 2.6 Fighting
 - Level 5.0 Ranged Weapons
 - Level 1.0 Armour
 - Level 2.1 Dodging
 - Level 1.0 Spellcasting
 - Level 2.0 Hexes


You had 4 spell levels left.
You knew the following spells:

 Your Spells              Type           Power      Damage    Failure   Level
a - Slow                  Hex            16%        N/A       34%         1

Your spell library contained the following spells:

 Spells                   Type           Power      Damage    Failure   Level
 Inner Flame              Hex/Fire       2%         N/A       83%         3
 Portal Projectile        Hex/Tloc       4%         N/A       83%         3
 Cause Fear               Hex            2%         N/A       98%         4

Inventory:

Hand Weapons
 Y - a +1 sling (weapon)
Armour
 a - the +1 ring mail of the True Pharaoh (worn) {Fly rPois}
   (You acquired it on level 1 of the Dungeon)

   rPois:     It protects you from poison.
   Fly:       It grants you flight.
Jewellery
 d - a ring of positive energy (left hand)
Wands
 f - a wand of digging (3)
Scrolls
 c - a scroll of identify
Potions
 b - a potion of cancellation
 e - a potion of curing
 h - a potion of degeneration {unknown}
 j - a potion of attraction {unknown}

Dungeon Overview and Level Annotations

Branches:
Dungeon (4/15)
 Temple: D:4-7

Altars:
Okawaru
Wu Jian

Shops:
D:3 (==:[

Annotations:
D:4 3 runed translucent doors, Dowan; Duvessa; qw's ghost, amateur GrHs


Message History

The sling bullet hits Dowan.
Dowan is lightly wounded.
Duvessa zaps a wand.
The puff of flame hits you.
You shoot a sling bullet. The sling bullet hits Duvessa.
Duvessa is moderately wounded.
Duvessa hits you with a +0 short sword.
You shoot a sling bullet. The sling bullet barely misses Duvessa.
Dowan hits you with a +0 dagger. Duvessa completely misses you.
You shoot a sling bullet. The sling bullet hits Duvessa.
Duvessa is moderately wounded.
Dowan zaps a wand.
The puff of flame hits you. Duvessa misses you.
You shoot a sling bullet.
The sling bullet hits Duvessa but does no damage.
Duvessa is moderately wounded.
Dowan hits you with a +0 dagger.
Duvessa zaps a wand.
The puff of flame misses you.
You shoot a sling bullet. The sling bullet hits Duvessa.
Duvessa is moderately wounded.
Dowan hits you with a +0 dagger.
Duvessa zaps a wand.
The puff of flame misses you. Dowan hits you with a +0 dagger.
Duvessa hits you but does no damage.
You shoot a sling bullet.
The sling bullet closely misses Duvessa.
Dowan barely misses you. You furiously retaliate!
You headbutt Dowan. Duvessa hits you with a +0 short sword!
You shoot a sling bullet.
The sling bullet hits Duvessa but does no damage.
Duvessa is moderately wounded.
Dowan zaps a wand.
The puff of flame hits you. Duvessa hits you with a +0 short sword.
2607 ||| DRINKING potion of heal wounds.
You feel much better.
Dowan points at you and mumbles some strange words.
You are outlined in light.
Duvessa hits you with a +0 short sword.
You shoot a sling bullet. The sling bullet hits Duvessa.
Duvessa is heavily wounded.
Dowan zaps a wand.
The puff of flame hits you. Duvessa hits you with a +0 short sword.
Dowan zaps a wand.
The puff of flame hits you! Duvessa hits you with a +0 short sword.
You die...

# # # . ### .## . #..
..######.########.#
######..................
.....#..................
..##..e.###+++###.......
......e@#.......#.......
...#<#..#.......#.......
#.#..#W##. #.#..#####
#....#W##.##.#..#
.###....#J##.##.#..#
........#B..)$..#..#
##......#.......#..####.
#......#########.......
#..................####


You could see Duvessa, a phantom, Dowan, an endoplasm and a giant cockroach.

Vanquished Creatures
  6 adders
  A worm (D:2)
  2 dart slugs
  4 orcs
  5 ball pythons
  5 bats
  5 endoplasms
  5 giant cockroaches
  8 goblins
  8 hobgoblins
  2 quokkas
  3 frilled lizards
  5 kobolds
  5 rats
64 creatures vanquished.

Notes
Turn   | Place    | Note
-------+----------+-------------------------------------------
     0 | D:1      | qw the Minotaur Hexslinger began the quest for the Orb.
     0 | D:1      | Reached XP level 1. HP: 16/16 MP: 1/1
     0 | D:1      | 0 ||| qw: Version: 0.3-a-46-gb1f654a
     0 | D:1      | 0 ||| qw: Game counter: 1265
     0 | D:1      | 0 ||| qw: Melee chars always use a shield: true
     0 | D:1      | 0 ||| qw: God list: Okawaru
     0 | D:1      | 0 ||| qw: Allow faded altars: false
     0 | D:1      | 0 ||| qw: Do Orc after clearing Dungeon:15 true
     0 | D:1      | 0 ||| qw: Do second Lair branch before Depths: true
     0 | D:1      | 0 ||| qw: Lair rune preference: random
     0 | D:1      | 0 ||| qw: Goals: Normal
     0 | D:1      | 0 ||| PLANNING D:1-11
   104 | D:1      | Reached skill level 3 in Ranged Weapons
   125 | D:1      | Reached XP level 2. HP: 23/23 MP: 2/2
   423 | D:1      | 423 ||| UPGRADING to +0 ring mail.
   433 | D:1      | 433 ||| DROPPING +0 robe.
   434 | D:1      | 434 ||| UPGRADING to ring of positive energy.
   435 | D:1      | 435 ||| READING scroll labelled ECWIMI FUKHYMA.
   435 | D:1      | Identified a scroll of acquirement
   435 | D:1      | 435 ||| ACQUIRING +1 ring mail of the True Pharaoh {Fly
                  | rPois}
   435 | D:1      | Acquired the +1 ring mail of the True Pharaoh {Fly rPois}
   437 | D:1      | 437 ||| UPGRADING to +1 ring mail of the True Pharaoh {Fly
                  | rPois}.
   447 | D:1      | 447 ||| DROPPING +0 ring mail.
   448 | D:1      | 448 ||| DROPPING scroll of poison.
   494 | D:2      | You are sucked into a shaft and drop 2 floors!
   494 | D:4      | Found an iron altar of Okawaru.
   495 | D:4      | 495 ||| PLANNING OKAWARU WORSHIP
   499 | D:4      | Became a worshipper of Warmaster Okawaru
   500 | D:4      | 500 ||| PLANNING D:1-11
   581 | D:3      | Reached XP level 3. HP: 18/29 MP: 3/3
   653 | D:3      | Reached skill level 4 in Ranged Weapons
   745 | D:3      | Found Tishiaz's Jewellery Shop.
   751 | D:3      | 751 ||| SHOPLISTING +6 ring of strength (432 gold, have
                  | 24).
   751 | D:3      | 751 ||| SHOPLISTING amulet of reflection (360 gold, have
                  | 24).
   751 | D:3      | 751 ||| SHOPLISTING ring of ice (300 gold, have 24).
   751 | D:3      | 751 ||| SHOPLISTING ring of protection from cold (300 gold,
                  | have 24).
   751 | D:3      | 751 ||| SHOPLISTING ring of resist corrosion (240 gold,
                  | have 24).
   751 | D:3      | 751 ||| SHOPLISTING ring of see invisible (180 gold, have
                  | 24).
   751 | D:3      | 751 ||| SHOPLISTING ring of willpower (300 gold, have 24).
   803 | D:3      | Found Gywoog's Weapon Boutique.
   812 | D:3      | 812 ||| SHOPLISTING +5 sling of freezing (326 gold, have
                  | 24).
   826 | D:3      | Found Syuxzuaf's Jewellery Shoppe.
   839 | D:3      | 839 ||| SHOPLISTING +4 ring of protection (468 gold, have
                  | 24).
   839 | D:3      | 839 ||| SHOPLISTING +4 ring of slaying (1014 gold, have
                  | 24).
   839 | D:3      | 839 ||| SHOPLISTING +5 ring of evasion (468 gold, have 24).
   839 | D:3      | 839 ||| SHOPLISTING amulet of the acrobat (390 gold, have
                  | 24).
   839 | D:3      | 839 ||| SHOPLISTING ring of poison resistance (260 gold,
                  | have 24).
   911 | D:3      | 911 ||| READING scroll labelled TAQAEV SAYPAO.
   988 | D:3      | Reached skill level 1 in Armour
  1007 | D:3      | Reached XP level 4. HP: 30/36 MP: 4/4
  1064 | D:2      | Found an ornate altar of the Wu Jian Council.
  1619 | D:2      | Reached skill level 5 in Ranged Weapons
  1796 | D:2      | 1796 ||| READING scroll labelled LIQAES ORORUGIOSUI.
  1797 | D:2      | 1797 ||| READING 2 scrolls labelled UNEYDIPUTT.
  1798 | D:2      | 1798 ||| READING scroll labelled CURU MEONGUD.
  1799 | D:2      | 1799 ||| READING scroll labelled URYNAI OXIO.
  1800 | D:2      | 1800 ||| DRINKING 2 bubbling amethyst potions.
  1801 | D:2      | 1801 ||| READING 2 scrolls of identify.
  1801 | D:2      | 1801 ||| IDENTIFYING golden potion
  1802 | D:2      | 1802 ||| DROPPING scroll of fear.
  1930 | D:3      | Found Yrphem's Antique Armour Emporium.
  1936 | D:3      | 1936 ||| SHOPLISTING cloak (130 gold, have 84).
  1936 | D:3      | 1936 ||| SHOPLISTING dyed leather armour (145 gold, have
                  | 84).
  1936 | D:3      | 1936 ||| SHOPLISTING embroidered hat (203 gold, have 84).
  1969 | D:3      | Found Ruock's Book Emporium.
  2503 | D:3      | 2503 ||| READING scroll labelled AGEROBUENK.
  2569 | D:4      | Found a runed translucent gate.
  2570 | D:4      | Found a runed translucent gate.
  2570 | D:4      | Found a runed translucent gate.
  2570 | D:4      | Noticed a phantom
  2579 | D:4      | Noticed a phantom
  2579 | D:4      | Noticed qw's ghost (amateur GrHs)
  2594 | D:4      | Noticed Dowan
  2595 | D:4      | Noticed Duvessa
  2606 | D:4      | HP: 8/37 [Dowan/puff of flame (3)]
  2607 | D:4      | 2607 ||| DRINKING potion of heal wounds.
  2608 | D:4      | HP: 3/37 [Dowan/puff of flame (11)]
  2608 | D:4      | Slain by Duvessa

Levels and vault maps discovered:
D:1:      dpeg_arrival_radiant, layout_basic, minmay_crystal_room
D:2:      minmay_inner_zag, layout_loops_corners, basic_altar,
          minmay_small_reverse_x
D:3:      layout_loops_ring, serial_co_window_serial, co_window_cross_1,
          co_window_corner_a, co_window_of_opportunity_a, co_window_paths_a,
          co_window_paths_a, co_window_corner_b, co_window_corner_b,
          co_window_of_opportunity_c, co_window_broadway_a,
          co_window_broadway_b, co_window_paths_c, co_window_unsneaky_path_b,
          glass_columns_b, serial_shops, nicolae_shop_rolling_square,
          nicolae_shop_hallway_plus, nicolae_shop_waterfront, shop, shop,
          minmay_bisected
D:4:      layout_basic, nicolae_overflow_crystal_walls, gammafunk_ghost_split,
          uniq_duvessa

Skill      XL: |  1  2  3  4 |
---------------+-------------+-----
Ranged Weapons | 3 4 5 |  5.0
Fighting       | 2 |  2.6
Armour         | 1 |  1.0
Dodging        | |  2.1
Spellcasting   | |  1.0
Hexes          | |  2.0

Action                     |  1- 3 |  4- 6 || total
---------------------------+-------+-------++-------
   Fire: Sling             |   103 |   115 ||   218
    Use: Scroll            |     2 |     6 ||     8
         Potion            |       |     2 ||     2
 Armour: Robe              |     4 |       ||     4
         Ring mail         |    12 |    27 ||    39
  Dodge: Dodged            |    29 |    44 ||    73

Table legend:
 A = Non-vault XP
 B = Vault XP
 C = Vault XP percentage of total XP
 D = Non-vault monster count
 E = Vault monster count
 F = Vault count percentage of total count
                 A         B        C        D         E       F
            +---------+---------+-------+---------+---------+-------
      Total |     145 |      44 |  23.3 |      53 |      11 |  17.2
            +---------+---------+-------+---------+---------+-------
        D:1 |      34 |       0 |   0.0 |      17 |       0 |   0.0
        D:2 |      39 |      36 |  48.0 |      15 |       7 |  31.8
        D:3 |      69 |       8 |  10.4 |      20 |       4 |  16.7
        D:4 |       3 |       0 |   0.0 |       1 |       0 |   0.0
            +---------+---------+-------+---------+---------+-------
